 Dungeon Crawl Stone Soup version 0.16.2-2-g470672f (webtiles) character file.

630 CrazyArbalest the Bolt Thrower (level 7, -2/85 HPs)
             Began as a Centaur Hunter on Aug 20, 2015.
             Slain by a worker ant (5 damage)
             ... on level 4 of the Dungeon.
             The game lasted 00:25:01 (5616 turns).

CrazyArbalest the Bolt Thrower (Centaur Hunter)     Turns: 5616, Time: 00:25:01

Health: -2/85      AC:  5    Str: 20    XL:     7   Next: 24%
Magic:  5/5        EV: 10    Int: 10    God:
Gold:   192        SH:  0    Dex: 11    Spells: 0 memorised, 6 levels left

rFire  . . .     SeeInvis .     L - +2 hand axe (chop)
rCold  . . .     Clarity  .     x - +0 leather armour (curse)
rNeg   . . .     SustAb   .     (no shield)
rPois  .         Gourm    .     w - +0 helmet (curse)
rElec  .         Spirit   .     (no cloak)
rCorr  .         Warding  .     (no gloves)
rMut   .         Stasis   .     (no barding)
MR     .....                    (no amulet)
Stlth  ..........               (no ring)
                                (no ring)

@: berserking, very quick, not resistant to hostile enchantments, extremely
unstealthy
A: hooves 3, deformed body, speed 2, tough skin 3
a: no special abilities


You were on level 4 of the Dungeon.
You were not hungry.

You visited 2 branches of the dungeon, and saw 5 of its levels.

You collected 192 gold pieces.

Inventory:

Hand weapons
 a - a +0 whip
 b - a +1 hand crossbow
 y - a +2 dagger of venom
 E - a +1 mace of protection
 L - a +2 hand axe of chopping (weapon)
Missiles
 c - 38 bolts
 J - 2 tomahawks of returning (quivered)
Armour
 m - a +2 robe of positive energy
 q - a +0 ring mail
 w - a cursed +0 helmet (worn)
 x - a cursed +0 leather armour (worn)
 D - a +0 ring mail
 K - a cursed -1 chain mail
Magical devices
 k - a wand of confusion (5)
 N - a wand of fire (7)
 R - a wand of fireball (4)
 S - a wand of draining (7)
Scrolls
 e - 2 scrolls of remove curse {unknown}
 h - 2 scrolls of amnesia {unknown}
 j - 3 scrolls of identify {unknown}
 n - 3 scrolls of random uselessness {unknown}
 r - 2 scrolls of blinking {unknown}
 v - 2 scrolls of recharging {unknown}
 z - 2 scrolls of fog {unknown}
 A - a scroll of noise {unknown}
 B - a scroll of enchant weapon {unknown}
 M - 2 scrolls of enchant armour {unknown}
 O - a scroll of magic mapping {unknown}
Potions
 i - a potion of curing {unknown}
 l - a potion of cancellation
 o - a potion of mutation {unknown}
 p - a potion of restore abilities
 s - a potion of heal wounds {unknown}
 C - a potion of agility {unknown}
 F - a potion of berserk rage
 P - a potion of might {unknown}
 Q - a potion of brilliance {unknown}
 T - a potion of flight {unknown}
Books
 g - a book of the Sky

   Spells                             Type                      Level
   a - Flight                         Charms/Air                   3
   b - Airstrike                      Air                          4
   c - Silence                        Hexes/Air                    5
   d - Deflect Missiles               Charms/Air                   6
   e - Conjure Ball Lightning         Conjuration/Air              6
   f - Tornado                        Air                          9
Comestibles
 f - 3 bread rations
 t - 3 meat rations
 u - 7 fruits
 U - 14 chunks of flesh


   Skills:
 + Level 3.5 Fighting
 + Level 1.8 Maces & Flails
 * Level 6.6 Crossbows
 + Level 1.9 Armour
 + Level 3.3 Dodging
 + Level 0.8 Stealth


You had 6 spell levels left.
You didn't know any spells.

Dungeon Overview and Level Annotations

Branches:
Dungeon (4/15)             Temple (1/1) D:4

Altars:
Dithmenos
Elyvilon
Fedhas
Kikubaaqudgha
Okawaru
Ru
Trog
Yredelemnul
Zin
Lugonu

Annotations:
D:3 CrazyArbalest's ghost, average CeHu


Innate Abilities, Weirdness & Mutations

You have hooves in place of feet.
Armour fits poorly on your strangely shaped body.
You cover ground very quickly.
You have extremely tough skin (AC +3).


Message History

* * * LOW HITPOINT WARNING * * *
The worker ant misses you.
Drink which item? (? for menu, Esc to quit)
It was a potion of cancellation.
You feel magically purged. The worker ant bites you.
* * * LOW HITPOINT WARNING * * *
Drink which item? (? for menu, Esc to quit)
It was a potion of restore abilities.
You feel refreshed.
The orc wizard hits you with a dagger of flaming.
* * * LOW HITPOINT WARNING * * *
The orc wizard burns you.
* * * LOW HITPOINT WARNING * * *
The worker ant barely misses you. The orc wizard casts a spell at you.
The magic dart hits you!
Drink which item? (? for menu, Esc to quit)
It was a potion of berserk rage.
A red film seems to cover your vision as you go berserk!
You feel yourself moving faster!
You feel mighty! The worker ant bites you.
You die...

#.........##..###.# #...#
###...
##.........รท......###....
##.#
#......#.........#...###.
#.. #...##...............
#.. ##.###.......##.....#
.). #.# ##......##.....# .
... ####
##...........##..$.. ##.#
#.## #.......a)o....# ..#
##.# ##.#......@##..## .##
#.####.####....## .# .
#...#.## ##.#.# # #####.##
#.##.# #....## ######
######


You could see a worker ant and an orc wizard.

Vanquished Creatures
  The ghost of demonpo the Digger, a weakling TrEE (D:4)
  A hound (D:4)
  A giant frog skeleton (D:4)
  5 orc priests
  2 orc wizards
  2 worker ants
  Jessica (D:2)
  14 adders
  2 giant mites (D:3)
  A worm (D:2)
  4 giant geckos
  16 orcs
  10 bats
  10 goblins
  11 hobgoblins
  4 jackals (D:1)
  15 kobolds
  An ooze (D:1)
  2 ball pythons
  4 giant cockroaches
  3 giant newts
  2 quokkas (D:2)
  7 rats
  A plant (Temple)
120 creatures vanquished.

Vanquished Creatures (others)
  A human (D:4)
1 creature vanquished.

Grand Total: 121 creatures vanquished

Notes
Turn   | Place    | Note
--------------------------------------------------------------
     0 | D:1      | CrazyArbalest, the Centaur Hunter, began the quest for the Orb.
     0 | D:1      | Reached XP level 1. HP: 17/17 MP: 1/1
    20 | D:1      | You fall through a shaft!
   327 | D:2      | Noticed Jessica
   348 | D:2      | Killed Jessica
   348 | D:2      | Reached skill level 5 in Crossbows
   348 | D:2      | Reached XP level 2. HP: 8/24 MP: 2/2
   617 | D:2      | Reached XP level 3. HP: 10/29 MP: 3/3
  1151 | D:2      | Found a blossoming altar of Fedhas.
  1577 | D:2      | Reached XP level 4. HP: 33/36 MP: 3/3
  2729 | D:3      | Reached skill level 1 in Armour
  3083 | D:3      | Reached XP level 5. HP: 38/42 MP: 4/4
  3087 | D:3      | Noticed CrazyArbalest's ghost (average CeHu)
  3569 | D:3      | Reached skill level 6 in Crossbows
  3984 | D:3      | Reached skill level 1 in Maces & Flails
  4193 | D:3      | Reached XP level 6. HP: 41/50 MP: 5/5
  4940 | D:4      | Found a sacrificial altar of Ru.
  5057 | D:4      | Found a staircase to the Ecumenical Temple.
  5065 | Temple   | Entered the Ecumenical Temple
  5160 | D:4      | Noticed demonpo's ghost (weakling TrEE)
  5194 | D:4      | Killed demonpo's ghost
  5194 | D:4      | Reached XP level 7. HP: 44/57 MP: 5/5
  5483 | D:4      | Found an ancient bone altar of Kikubaaqudgha.
  5485 | D:4      | Noticed a human
  5487 | D:4      | Killed a human
  5615 | D:4      | HP: 2/57 [orc wizard/dagger of flaming (1)]
  5616 | D:4      | Slain by a worker ant

Action                   |  1- 3 |  4- 6 |  7- 9 || total
-------------------------+-------+-------+-------++-------
Melee: Short sword       |    74 |    36 |       ||   110
       Whip              |       |   153 |       ||   153
       Mace              |       |   174 |    11 ||   185
       Hand axe          |       |       |    30 ||    30
 Fire: Hand crossbow     |    21 |    32 |       ||    53
  Use: Potion            |       |       |     3 ||     3
 Stab: Paralysed         |       |     1 |       ||     1
  Eat: Chunk             |     1 |    11 |     1 ||    13
